 Dungeon Crawl Stone Soup version 0.29-a0-506-ga2e7fffb44 (webtiles) character file.

Game seed: 9276751647535020498

21604 zeratav the Basher (level 12, -6/60 HPs)
             Began as a Vine Stalker Fighter on May 28, 2022.
             Was a Priest of Hepliaklqana.
             Mangled by Rupert
             ... wielding a +2 battleaxe of distortion
              (13 damage)
             ... on level 3 of the Lair of Beasts.
             The game lasted 00:29:58 (12811 turns).

zeratav the Basher (Vine Stalker Fighter)          Turns: 12811, Time: 00:29:58

Health: -6/60      AC: 14    Str: 24    XL:     12   Next: 91%
Magic:  0/15       EV:  9    Int:  8    God:    Hepliaklqana [***...]
Gold:   720        SH:  5    Dex: 17    Spells: 11/11 levels left

rFire   . . .      SeeInvis +   x - +8 whip "Snakebite" {venom, curare, rPois, =fmace}
rCold   + . .      Faith    .   c - +0 buckler
rNeg    . . .      Spirit   +   g - +0 scale mail {rC+}
rPois   +          Reflect  .   v - +0 helmet
rElec   .          Harm     .   e - +1 cloak of the Blessed Realm {+Blink SInv}
rCorr   .          Rampage  .   a - +0 pair of gloves {Str+3}
Will    ++...                   (no boots)
Stlth   ..........              t - amulet of the acrobat
HPRegen 1.00/turn               f - ring of willpower
MPRegen 0.14/turn               T - ring of poison resistance

@: no status effects
A: reduced essence, fangs 3, regeneration 1, magic shield, antimagic bite, no
potion heal 2
a: Renounce Religion, Evoke Blink, Recall Ancestor, Ancestor Identity,
Transference


You were on level 3 of the Lair of Beasts.
You worshipped Hepliaklqana.
Hepliaklqana was most pleased with you.
You visited 3 branches of the dungeon, and saw 16 of its levels.

You collected 804 gold pieces.
You spent 84 gold pieces at shops.


Innate Abilities, Weirdness & Mutations

Your life essence is reduced to manifest your ancestor. (-10% HP)
You have razor-sharp teeth.
Your natural rate of healing is unusually fast.
When hurt, damage is shared between your health and your magic reserves.
Your bite disrupts and absorbs the magic of your enemies.
Potions cannot restore your health.


   Skills:
 - Level 10.0 Fighting
 - Level 3.8 Short Blades
 - Level 12.0 Maces & Flails
 - Level 10.0 Armour
 + Level 4.6 Shields
 + Level 3.8 Invocations


You had 11 spell levels left.
You didn't know any spells.
Your spell library contained the following spells:

 Spells                   Type           Power      Damage    Failure   Level
 Beastly Appendage        Tmut           0%         N/A       75%         1
 Summon Small Mammal      Summ           0%         N/A       75%         1
 Ensorcelled Hibernation  Hex/Ice        0%         N/A       87%         2
 Passwall                 Tmut/Erth      0%         N/A       87%         2
 Wereblood                Tmut           0%         N/A       87%         2
 Call Canine Familiar     Summ           0%         N/A       98%         3
 Frozen Ramparts          Ice            0%         1d2       98%         3
 Gell's Gravitas          Tloc           0%         N/A       98%         3
 Ignite Poison            Fire/Tmut/Pois 0%         N/A       98%         3
 Lesser Beckoning         Tloc           0%         N/A       98%         3
 Mephitic Cloud           Conj/Pois/Air  0%         N/A       98%         3
 Ozocubu's Armour         Ice            0%         N/A       98%         3
 Spider Form              Tmut/Pois      0%         N/A       98%         3
 Summon Guardian Golem    Hex/Summ       0%         N/A       98%         3
 Swiftness                Air            0%         N/A       98%         3
 Teleport Other           Tloc           0%         N/A       98%         3
 Ice Form                 Ice/Tmut       0%         N/A       100%        4
 Summon Ice Beast         Ice/Summ       0%         N/A       100%        4
 Freezing Cloud           Conj/Ice/Air   0%         6-21      100%        5
 Metabolic Englaciation   Hex/Ice        0%         N/A       100%        5
 Simulacrum               Ice/Necr       0%         N/A       100%        6
 Borgnjor's Revivificati  Necr           0%         N/A       100%        8
 Necromutation            Tmut/Necr      0%         N/A       100%        8
 Death's Door             Necr           0%         N/A       100%        9

Inventory:

Hand Weapons
 x - the +8 whip "Snakebite" (weapon) {venom, curare, rPois, =fmace}
   (You found it on level 2 of the Lair of Beasts)

   It poisons the flesh of those it strikes.
   It occasionally inflicts asphyxiating poison on those it strikes, dealing
   poison damage and causing slowness.
   rPois:     It protects you from poison.
 O - a +1 morningstar of protection {mace}
   (You found it on level 6 of the Dungeon)
 V - a +0 dire flail {mace}
   (You took it off a gargoyle on level 9 of the Dungeon)
 X - a +3 flail of protection {mace}
   (You found it on level 10 of the Dungeon)
Armour
 a - a +0 pair of gloves of strength (worn)
   (You found it on level 10 of the Dungeon)
 c - a +0 buckler (worn)
 e - the +1 cloak of the Blessed Realm (worn) {+Blink SInv}
   (You found it on level 2 of the Lair of Beasts)

   SInv:      It lets you see invisible.
   +Blink:    It lets you blink.
 g - a +0 scale mail of cold resistance (worn)
   (You found it on level 4 of the Dungeon)
 j - a +0 cloak
   (You found it on level 1 of the Dungeon)
 v - a +0 helmet (worn)
   (You took it off Robin on level 3 of the Dungeon)
 F - a +1 pair of gloves
   (You found it on level 2 of the Lair of Beasts)
 M - a +2 leather armour of fire resistance
   (You took it off an orc on level 7 of the Dungeon)
Jewellery
 f - a ring of willpower (left hand)
   (You found it on level 2 of the Dungeon)
 s - a ring of positive energy
   (You found it on level 2 of the Lair of Beasts)
 t - an amulet of the acrobat (around neck)
   (You found it on level 3 of the Dungeon)
 G - a ring of willpower
   (You found it on level 6 of the Dungeon)
 J - a ring of protection from fire
   (You found it on level 6 of the Dungeon)
 K - a +4 ring of protection
   (You found it on level 3 of the Lair of Beasts)
 N - a +4 ring of evasion
   (You found it on level 10 of the Dungeon)
 T - a ring of poison resistance (right hand)
   (You found it on level 9 of the Dungeon)
 Y - a ring of resist corrosion
   (You found it on level 10 of the Dungeon)
Wands
 h - a wand of mindburst (12)
   (You found it on level 4 of the Dungeon)
 y - a wand of polymorph (15)
   (You took it off Edmund on level 5 of the Dungeon)
 E - a wand of iceblast (7)
   (You found it on level 10 of the Dungeon)
 P - a wand of paralysis (12)
   (You found it on level 8 of the Dungeon)
 Z - a wand of digging (5)
   (You found it on level 11 of the Dungeon)
Scrolls
 k - 2 scrolls of amnesia
 n - a scroll of teleportation {@r4}
 q - a scroll of enchant armour
 r - 2 scrolls of fear
 u - a scroll of magic mapping {unknown}
 w - a scroll of silence {!r}
 z - a scroll of fog
 A - a scroll of enchant weapon
 C - a scroll of immolation {!r!r}
Potions
 b - 3 potions of ambrosia {unknown}
 d - 2 potions of might
 i - 9 potions of curing {@q1}
 l - a potion of haste {unknown}
 m - a potion of heal wounds {unknown}
 o - a potion of flight {unknown}
 p - 2 potions of mutation {unknown}
 B - 6 potions of attraction {!q}
 D - 2 potions of lignification {unknown}
 H - a potion of berserk rage {unknown}
 I - 3 potions of brilliance
 R - a potion of degeneration {unknown}
 S - a potion of magic {unknown}
 U - 2 potions of resistance {unknown}

Dungeon Overview and Level Annotations

Branches:
Dungeon (12/15)            Temple (1/1) D:7            Lair (3/6) D:8
    Orc (0/2) D:11
  Swamp: Lair:2-4    Shoals: Lair:2-4     Snake: Lair:2-4    Spider: Lair:2-4

Altars:
Ashenzari
Cheibriados
Dithmenos
Elyvilon
Fedhas
Gozag
Hepliaklqana
Kikubaaqudgha
Makhleb
Nemelex Xobeh
Okawaru
Qazlal
Ru
Sif Muna
Trog
Uskayaw
Vehumet
Wu Jian
Xom
Yredelemnul
Zin
The Shining One

Shops:
D:2 (!*[   D:4 !   D:9 :   D:11 :!=

Annotations:
Lair:3 Rupert

#....P#
...<...
#.....>
.......##
........##
.........##
.P........##
#.........##
...##.R@@...##
.........<..#
#...##.....##
###.#.....##
#....#.#.#
#.P..###.#
#.... #..
#.... P..# #..
P.##


You could see the friendly Gaius the knight and Rupert (berserk, extremely
poisoned, ally target).


Message History

No target in view!
No target in view!
You swap places.
You swap places.
You see here a water moccasin corpse.
x - the +8 whip "Snakebite" {venom, curare, rPois, =fmace} You swap places.
You see here a water moccasin corpse.
You see here a black mamba corpse.
You see here a water moccasin corpse.
Found a pair of embroidered gloves.
Your +3 flail of protection {mace} goes still.
The +8 whip "Snakebite" {venom, curare, rPois, =fmace} begins to drip with poison!
x - the +8 whip "Snakebite" (weapon)
{venom, curare, rPois, =fmace} Unknown command.
F - a +1 pair of gloves
(D) Dungeon (T) Temple (L) Lair (O) Orcish Mines
Where to? (Enter - Lair:2, ? - help)
Okay, then.
You swap places.
You see here 5 poisoned darts {throwing}.
You swap places.
You swap places.
You swap places.
There is a stone staircase leading down here.
You see here a +3 hand axe of venom {axe}.
There is a stone staircase leading down here.
You swap places.
Done exploring.
Done exploring.
(D) Dungeon (T) Temple (L) Lair (O) Orcish Mines
Where to? (Enter - Lair:2, ? - help)
There is a stone staircase leading up here.
There is a stone staircase leading down here.
You climb downwards.
The bullfrog croaks.
Found a marble ring.
Found a stone staircase leading down.
There is a stone staircase leading up here.
A bullfrog is nearby!
A bullfrog is nearby!
Rupert the Wild comes into view.
He is wielding a +2 battleaxe of distortion.
Rupert shouts!
You see here a +4 ring of protection.
Gaius barely misses the bullfrog.
Gaius hits the bullfrog with a +0 flail!!
The bullfrog closely misses you.
You see here a +4 ring of protection.
K - a +4 ring of protection Gaius hits the bullfrog with a +0 flail!
The bullfrog dies!
Rupert roars wildly at you. You resist with almost no effort.
Found a stone staircase leading up.
Gaius hits Rupert with a +0 flail!
Rupert hits Gaius with a +2 battleaxe of distortion!!
Space warps around Gaius.
Gaius barely misses Rupert.
Rupert hits you but does no damage. Space warps around you.
Gaius blocks Rupert's attack.
HP[-1]
You take 1 damage, and now have 59/60 hp.
You whack Rupert!
Rupert looks as sick as possible! x2; Rupert convulses.
Rupert seems to slow down.
Gaius hits Rupert with a +0 flail!
HP[+1]
Your hp is fully restored (60).
You whack Rupert! You bite Rupert! You drain his power. You barely miss Rupert.
Your bite misses Rupert.
Gaius hits Rupert with a +0 flail!
Rupert roars madly and goes into a rage!
Rupert shakes off his lethargy.
Rupert goes berserk!
You closely miss Rupert. You bite Rupert, but do no damage.
Gaius hits Rupert with a +0 flail.
Rupert hits you with a +2 battleaxe of distortion!!!
Ouch! That really hurt!
* * * LOW HITPOINT WARNING * * *
Space warps around you.
* * * LOW HITPOINT WARNING * * *
Gaius blocks Rupert's attack.
HP[-33] MP[-9]
You take 33 damage, and now have 27/60 hp.
MASSIVE DAMAGE!! (PAUSE)
You lost 9 mp, and now have 6/15 mp.
You hit Rupert.
Rupert looks as sick as possible!
Unknown command.
Gaius completely misses Rupert.
Rupert hits you with a +2 battleaxe of distortion!!
* * * LOW HITPOINT WARNING * * *
Gaius blocks Rupert's attack.
HP[-21] MP[-5]
You take 21 damage, and now have 6/60 hp.
MASSIVE DAMAGE!! (PAUSE)
You lost 5 mp, and now have 1/15 mp.
Aiming: Paralyse
Press: ? - help, Q - select action, (/) - cycle Shift-Dir - straight line
Okay, then.
Aiming: Mindburst
Press: ? - help, Q - select action, (/) - cycle Shift-Dir - straight line, f - Rupert
Aim: Rupert, wielding a +2 battleaxe of distortion and wearing a +0 chain mail (heavily wounded, berserk, extremely poisoned, ally target, chance to affect: 6%) Rupert resists with almost no effort.
Rupert hits you with a +2 battleaxe of distortion!
You die...

Skill      XL: |  1  2  3  4  5  6  7  8  9 10 11 12 |
---------------+-------------------------------------+-----
Short Blades   | 2 3 |  3.8
Maces & Flails | 2 3 5 7 9 12 | 12.0
Fighting       | 8 10 | 10.0
Armour         | 7 10 | 10.0
Shields        | 4 |  4.6
Invocations    | 3 |  3.8

Action                   |  1- 3 |  4- 6 |  7- 9 | 10-12 || total
-------------------------+-------+-------+-------+-------++-------
Melee: Rapier            |    76 |    44 |       |       ||   120
       Bite              |    13 |    53 |    99 |   210 ||   375
       Whip              |       |    80 |       |     5 ||    85
       Mace              |       |   127 |    38 |       ||   165
       Flail             |       |       |   245 |   618 ||   863
Invok: Ancestor Life: Kn |       |       |       |     1 ||     1
Evoke: Wand              |       |       |       |     1 ||     1
  Use: Scroll            |       |       |       |    17 ||    17
       Potion            |       |       |       |     1 ||     1
 Stab: Distracted        |       |       |       |     2 ||     2
Armor: Scale mail        |    38 |    87 |   185 |   352 ||   662
Dodge: Dodged            |    34 |   106 |   162 |   326 ||   628
Block: Buckler           |    26 |    64 |    82 |   168 ||   340

Levels and vault maps discovered:
D:1:      evilmike_arrival_rings, layout_basic
D:2:      layout_basic, shapermc_ecumenical_altar_petra, serial_shops,
          nicolae_shop_advertising_works [nicolae_subvault_shop_adworks],
          nicolae_shop_crystal, nicolae_square_shop, shop,
          corexii_leaking_fountain, uniq_jessica
D:3:      layout_basic, mainiacjoe_overflow_six_doors_small, serial_park_tiny_2,
          uniq_robin
D:4:      layout_basic, mainiacjoe_overflow_24_doors, fiery_altar_vehumet,
          serial_bayou, serial_bayou_pond_b, serial_bayou_lagoon_b,
          serial_bayou_pond_e, serial_bayou_shore_a, serial_shops, shop_statue,
          minmay_misc_feat_room
D:5:      layout_loops_ring, uniq_edmund, uniq_duvessa
D:6:      layout_loops_ring, kennysheep_generic_room_9
D:7:      layout_rooms, minmay_temple_entry_gardened_gates
D:8:      layout_rooms, mainiacjoe_overflow_chevrons, minmay_lair_entry_grove,
          kennysheep_flooded_box, eino_curves_01
D:9:      layout_loops_ring, lemuel_crystal_altar, serial_shops, shop
D:10:     layout_gridville, bloody_trog, nicolae_sif_muna_condensation,
          mainiacjoe_overflow_catwalk, minmay_mirror_moons_of_madness
D:11:     layout_roguey, serial_shops, nicolae_diamond_shop, shop, shop,
          chequers_jeans, grunt_livestock
D:12:     layout_loops_ring, nicolae_trove_entry_crossroad,
          chequers_serial_rivers_small_3
Temple:   nicolae_temple_great_sept
Lair:1:   layout_hall_layers, serial_bayou_lagoon_a, beast_lair_carwin_8
Lair:2:   minmay_guarded_unrand_snakebite, layout_small_grid,
          beast_lair_carwin_11
Lair:3:   layout_misc_corridors, shoals_dummy_entry,
          minmay_snake_entry_guardpost_small, lemuel_fruit_tree, uniq_rupert

Notes
Turn   | Place    | Note
-------+----------+-------------------------------------------
     0 | D:1      | zeratav the Vine Stalker Fighter began the quest for the
                  | Orb.
     0 | D:1      | Reached XP level 1. HP: 11/11 MP: 2/2
     0 | D:1      | magus.rc [v1.9.6]
   109 | D:1      | Reached skill level 2 in Short Blades
   322 | D:1      | Reached XP level 2. HP: 15/16 MP: 3/3
   916 | D:1      | Reached skill level 3 in Short Blades
  1015 | D:1      | Reached XP level 3. HP: 18/19 MP: 4/4
  1467 | D:2      | Found Huecann's Distillery.
  1483 | D:2      | You pick up a book of Changes and begin reading...
  1483 | D:2      | You add the spells Beastly Appendage, Wereblood and Spider
                  | Form to your library.
  1574 | D:2      | Found Uckyv's Antique Weapon Shop.
  1685 | D:2      | Found a faded altar of an unknown god.
  1721 | D:2      | Noticed Jessica
  1727 | D:2      | Killed Jessica
  1734 | D:2      | Gained mutation: Your natural rate of healing is unusually
                  | fast. [Vine Stalker growth]
  1734 | D:2      | Reached XP level 4. HP: 23/23 MP: 5/5
  2026 | D:2      | Found Dipniacs's General Store.
  2040 | D:2      | Found Ystrukim's Antique Armour Shop.
  2290 | D:2      | Reached skill level 1 in Maces & Flails
  2637 | D:3      | Noticed Robin
  2653 | D:3      | Reached skill level 2 in Maces & Flails
  2661 | D:3      | Killed Robin
  2662 | D:3      | Reached XP level 5. HP: 27/27 MP: 6/6
  3001 | D:3      | Found an iron altar of Okawaru.
  3006 | D:3      | Reached skill level 3 in Maces & Flails
  3399 | D:4      | Reached XP level 6. HP: 32/32 MP: 7/7
  3431 | D:4      | Found a radiant altar of Vehumet.
  3446 | D:4      | Reached skill level 4 in Maces & Flails
  3501 | D:4      | Found a blossoming altar of Fedhas.
  3730 | D:4      | Found Fotol's Distillery.
  4277 | D:5      | Entered Level 5 of the Dungeon
  4285 | D:5      | Reached skill level 5 in Maces & Flails
  4294 | D:5      | You pick up a book of Winter and begin reading...
  4294 | D:5      | You add the spells Ozocubu's Armour, Metabolic Englaciation
                  | and Simulacrum to your library.
  4297 | D:5      | You add the spells Ignite Poison, Mephitic Cloud and
                  | Freezing Cloud to your library.
  4347 | D:5      | You pick up a book of Burglary and begin reading...
  4347 | D:5      | You add the spells Passwall, Ensorcelled Hibernation and
                  | Swiftness to your library.
  4388 | D:5      | Reached XP level 7. HP: 35/35 MP: 8/8
  4408 | D:5      | Noticed Edmund
  4455 | D:5      | Killed Edmund
  4456 | D:5      | Reached skill level 6 in Maces & Flails
  4603 | D:5      | You pick up a book of Displacement and begin reading...
  4603 | D:5      | You add the spells Lesser Beckoning, Gell's Gravitas and
                  | Teleport Other to your library.
  4755 | D:5      | Noticed Duvessa
  4755 | D:5      | Noticed Dowan
  4764 | D:5      | Killed Duvessa
  4765 | D:5      | Reached skill level 7 in Maces & Flails
  4765 | D:5      | Gained mutation: You have razor-sharp teeth. [Vine Stalker
                  | growth]
  4765 | D:5      | Reached XP level 8. HP: 22/39 MP: 5/9
  4776 | D:5      | Killed Dowan
  5152 | D:6      | Reached skill level 8 in Maces & Flails
  5187 | D:6      | Reached skill level 9 in Maces & Flails
  5396 | D:6      | Reached XP level 9. HP: 43/43 MP: 10/10
  5463 | D:6      | Reached skill level 10 in Maces & Flails
  5576 | D:6      | You pick up a book of Callings and begin reading...
  5576 | D:6      | You add the spells Summon Small Mammal, Call Canine
                  | Familiar and Summon Guardian Golem to your library.
  5956 | D:7      | Reached skill level 11 in Maces & Flails
  6024 | D:7      | Found a staircase to the Ecumenical Temple.
  6042 | Temple   | Entered the Ecumenical Temple
  6156 | Temple   | Became a worshipper of Hepliaklqana the Forgotten
  6391 | D:7      | You add the spells Borgnjor's Revivification, Necromutation
                  | and Death's Door to your library.
  6551 | D:8      | Reached skill level 12 in Maces & Flails
  6551 | D:8      | Reached XP level 10. HP: 35/48 MP: 6/11
  6563 | D:8      | Reached skill level 3 in Fighting
  6593 | D:8      | Reached skill level 4 in Fighting
  6614 | D:8      | Reached skill level 5 in Fighting
  6623 | D:8      | Found a staircase to the Lair.
  6972 | D:8      | Reached skill level 6 in Fighting
  6976 | D:8      | HP: 10/53 [killer bee (5)]
  6981 | D:8      | HP: 9/53 [poisoned by a killer bee]
  7079 | D:8      | Found a hide-covered altar of Uskayaw.
  7320 | D:2      | Bought a scroll of identify for 28 gold pieces
  7320 | D:2      | Bought a scroll of identify for 28 gold pieces
  7320 | D:2      | Bought a scroll of identify for 28 gold pieces
  7612 | D:9      | Paralysed by a hornet for 2 turns
  7617 | D:9      | Found a shimmering altar of Xom.
  7780 | D:9      | Found Mocw's Book Emporium.
  7798 | D:9      | Reached skill level 7 in Fighting
  7856 | D:9      | Noticed a gargoyle
  7865 | D:9      | Killed a gargoyle
  8055 | D:9      | Reached * piety under Hepliaklqana
  8064 | D:9      | Reached skill level 8 in Fighting
  8316 | D:10     | Entered Level 10 of the Dungeon
  8368 | D:10     | Noticed a kobold demonologist
  8380 | D:10     | Killed a kobold demonologist
  8381 | D:10     | Reached XP level 11. HP: 45/54 MP: 10/12
  8394 | D:10     | Reached skill level 9 in Fighting
  8440 | D:10     | You pick up a book of Rime and begin reading...
  8440 | D:10     | You add the spells Frozen Ramparts, Ice Form and Summon Ice
                  | Beast to your library.
  8523 | D:10     | Noticed a cyclops
  8531 | D:10     | Noticed a two-headed ogre
  8546 | D:10     | Killed a two-headed ogre
  8551 | D:10     | HP: 8/56 [orc warrior/+0 morningstar (11)]
  8551 | D:10     | HP: 3/56 [orc warrior/+0 scimitar (5)]
  8667 | D:10     | Killed a cyclops
  8668 | D:10     | Reached skill level 10 in Fighting
  8744 | D:10     | Reached skill level 3 in Armour
  8780 | D:10     | Found an ornate altar of the Wu Jian Council.
  8951 | D:10     | Found a bloodstained altar of Trog.
  9002 | D:10     | Found a shimmering blue altar of Sif Muna.
  9203 | D:11     | Reached ** piety under Hepliaklqana
  9204 | D:11     | Remembered your ancestor Gaius as a knight
  9246 | D:11     | Found Kifil's Distillery.
  9257 | D:11     | Found Qilluops's Jewellery Boutique.
  9316 | D:11     | Found Ziucsec's Book Shop.
  9378 | D:11     | Found a staircase to the Orcish Mines.
  9386 | D:11     | Reached skill level 4 in Armour
  9444 | D:11     | Reached skill level 5 in Armour
  9614 | D:11     | Reached skill level 6 in Armour
 10051 | Lair:1   | Entered Level 1 of the Lair of Beasts
 10156 | Lair:1   | Reached skill level 7 in Armour
 10180 | Lair:1   | Reached XP level 12. HP: 60/60 MP: 13/13
 10358 | Lair:1   | Reached skill level 8 in Armour
 10979 | Lair:2   | Noticed an eight-headed hydra
 10986 | Lair:2   | Killed an eight-headed hydra
 11225 | Lair:2   | Reached *** piety under Hepliaklqana
 11246 | Lair:2   | HP: 2/60 [komodo dragon (16)]
 11248 | Lair:2   | Reached skill level 9 in Armour
 11485 | Lair:2   | HP: 14/60 [elephant (8)]
 11493 | Lair:2   | HP: 14/60 [elephant (7)]
 11504 | Lair:2   | Reached skill level 10 in Armour
 11623 | Lair:2   | Identified the +1 cloak of the Blessed Realm {+Blink SInv}
 11991 | Lair:2   | Reached skill level 3 in Shields
 11991 | Lair:2   | Reached skill level 1 in Invocations
 12045 | Lair:2   | Reached skill level 2 in Invocations
 12139 | Lair:2   | Reached skill level 4 in Shields
 12139 | Lair:2   | Reached skill level 3 in Invocations
 12381 | Lair:2   | Found the +8 whip "Snakebite" {venom, curare, rPois}
 12797 | Lair:3   | Noticed Rupert
 12810 | Lair:3   | HP: 6/60 [Rupert/+2 battleaxe of distortion (22)]
 12811 | Lair:3   | Mangled by Rupert

Vanquished Creatures
  A hydra (Lair:2)
  A two-headed ogre (D:10)
  A cyclops (D:10)
  2 black mambas (Lair:2)
  3 elephants (Lair:2)
  2 gargoyles
  2 rime drakes
  A kobold demonologist (D:10)
  A komodo dragon (Lair:1)
  2 trolls
  2 hornets
  A slime creature (D:10)
  A wraith (D:10)
  10 yaks
  A shadow (D:10)
  A human (D:11)
  6 wyverns
  A basilisk (D:8)
  2 hogs (D:11)
  A steam dragon (D:6)
  Edmund (D:5)
  An acid dragon (D:11)
  13 water moccasins
  Duvessa (D:5)
  6 orc warriors
  An ice beast (D:6)
  8 black bears
  12 wolves
  An ogre (D:6)
  7 centaurs
  A phantom (D:5)
  2 kobold brigands (D:10)
  2 necrophages
  10 bullfrogs
  A gnoll sergeant (D:9)
  4 scorpions
  Dowan (D:5)
  7 wights
  6 killer bees
  5 howler monkeys
  7 hounds
  2 jellies
  4 orc priests
  A gnoll shaman (Temple)
  Jessica (D:2)
  4 iguanas
  13 orc wizards
  Robin (D:3)
  9 gnolls
  11 adders
  2 white imps (D:5)
  2 ufetubi
  2 worms
  3 dart slugs
  35 orcs
  9 endoplasms
  A giant cockroach (D:3)
  19 goblins
  7 hobgoblins
  10 jackals
  3 quokkas
  5 ball pythons
  6 bats
  A frilled lizard (D:2)
  16 kobolds
  2 rats
308 creatures vanquished.

Vanquished Creatures (collateral kills)
  3 elephants (Lair:2)
  A black mamba (Lair:1)
  2 cane toads
  A rime drake (Lair:1)
  A kobold demonologist (D:11)
  A komodo dragon (Lair:2)
  3 yaks
  2 hogs (D:11)
  2 water moccasins
  An orc warrior (D:10)
  3 black bears
  3 wolves
  A kobold brigand (D:11)
  A bullfrog (Lair:3)
  A wight (D:9)
  A killer bee (D:10)
  A gnoll shaman (D:10)
  An orc wizard (D:10)
  2 orcs (D:10)
  3 kobolds
34 creatures vanquished.

Vanquished Creatures (others)
  A knight (Lair:2)
  2 ancestors (D:10)
  An endoplasm (D:4)
  5 fungi
  34 plants
43 creatures vanquished.

Grand Total: 385 creatures vanquished

Table legend:
 A = Non-vault XP
 B = Vault XP
 C = Vault XP percentage of total XP
 D = Non-vault monster count
 E = Vault monster count
 F = Vault count percentage of total count
                 A         B        C        D         E       F
            +---------+---------+-------+---------+---------+-------
      Total |   22783 |    8081 |  26.2 |     283 |      59 |  17.3
            +---------+---------+-------+---------+---------+-------
        D:1 |      39 |       0 |   0.0 |      23 |       0 |   0.0
        D:2 |      44 |      37 |  45.7 |      16 |       1 |   5.9
        D:3 |     132 |      34 |  20.5 |      30 |      11 |  26.8
        D:4 |     280 |       2 |   0.7 |      21 |       1 |   4.5
        D:5 |     633 |     378 |  37.4 |      16 |       3 |  15.8
        D:6 |    1177 |       0 |   0.0 |      13 |       0 |   0.0
        D:7 |    1148 |       0 |   0.0 |      21 |       0 |   0.0
        D:8 |     841 |    1692 |  66.8 |      21 |      12 |  36.4
        D:9 |    1984 |       0 |   0.0 |      31 |       0 |   0.0
       D:10 |    1916 |    2172 |  53.1 |      24 |       7 |  22.6
       D:11 |    2921 |     994 |  25.4 |      15 |       5 |  25.0
       D:12 |     301 |       0 |   0.0 |       1 |       0 |   0.0
     Temple |      98 |       0 |   0.0 |       5 |       0 |   0.0
     Lair:1 |    4119 |     886 |  17.7 |      22 |       7 |  24.1
     Lair:2 |    7060 |    1886 |  21.1 |      23 |      12 |  34.3
     Lair:3 |      90 |       0 |   0.0 |       1 |       0 |   0.0
            +---------+---------+-------+---------+---------+-------

Illustrated notes

Table legend:
 A = Kills in this place as a percentage of kills in entire the game.
 B = Kills by you in this place as a percentage of kills by you in the entire game.
 C = Kills by friends in this place as a percentage of kills by friends in the entire game.
 D = Other kills in this place as a percentage of other kills in the entire game.
 E = Experience gained in this place as a percentage of experience gained in the entire game.
 F = Experience gained in this place divided by the number of levels of this place that you have seen.
                   A       B       C       D       E      F
               +-------+-------+-------+-------+-------+----------------------
         Total | 100.0 | 100.0 | 100.0 |   N/A | 100.0 | 1929.0
       Dungeon |  79.5 |  83.1 |  47.1 |   N/A |  54.2 | 1393.8
        Temple |   1.5 |   1.6 |   0.0 |   N/A |   0.3 |  98.0
          Lair |  19.0 |  15.3 |  52.9 |   N/A |  45.5 | 4680.3
               +-------+-------+-------+-------+-------+----------------------

Table legend: (Time is in decaauts)
 A = Elapsed time spent in this place.
 B = Non-inter-level travel time spent in this place.
 C = Inter-level travel time spent in this place.
 D = Time resting spent in this place.
 E = Time spent auto-exploring this place.
 F = Levels seen in this place.
 G = Mean time per level.
                   A        B        C        D        E       F      G
               +--------+--------+--------+--------+--------+-----+--------+
         Total |  12823 |  11848 |    975 |    175 |   9154 |  16 |  801.4 |
       Dungeon |   9976 |   9083 |    893 |      0 |   7063 |  12 |  831.3 |
        Temple |    123 |    104 |     19 |      0 |     81 |   1 |  123.0 |
          Lair |   2724 |   2662 |     62 |    175 |   2010 |   3 |  908.0 |
               +--------+--------+--------+--------+--------+-----+--------+

Top non-repeatable levels by time:
  Lair:2: 1793 daAuts
     D:1: 1529 daAuts
     D:2: 1098 daAuts
     D:4: 991 daAuts
     D:3: 971 daAuts
  Lair:1: 917 daAuts
     D:5: 875 daAuts
    D:10: 858 daAuts
     D:9: 806 daAuts
    D:11: 784 daAuts
     D:6: 756 daAuts
     D:8: 700 daAuts
     D:7: 587 daAuts
  Temple: 123 daAuts
    D:12: 16 daAuts
